 Dungeon Crawl Stone Soup version 0.28-a0-1387-g3a22ab9bdc (webtiles) character file.

Game seed: 4855838340938844775

31621 grumblor the Cleaver (level 13, -5/65 HPs)
             Began as a Vine Stalker Fighter on Jan 3, 2022.
             Was an Elder of Sif Muna.
             Slain by a wolf spider simulacrum (9 damage)
             ... on level 14 of the Dungeon.
             The game lasted 00:39:17 (14099 turns).

grumblor the Cleaver (Vine Stalker Fighter)        Turns: 14099, Time: 00:39:18

Health: -5/65      AC: 22    Str: 19 (23) XL:     13   Next: 59%
Magic:  0/25       EV: 11    Int:  7 (8)  God:    Sif Muna [****..]
Gold:   991        SH:  6    Dex: 15      Spells: 27/27 levels left

rFire   . . .      SeeInvis .   v - +1 broad axe (protect)
rCold   + . .      Faith    .   c - +0 buckler
rNeg    . . .      Spirit   +   A - +0 plate armour
rPois   .          Reflect  .   p - +0 helmet
rElec   +          Harm     .   a - +1 cloak {Stlth+}
rCorr   +          Rampage  .   g - +1 pair of gloves
Will    +....                   C - +0 pair of boots
Stlth   ..........              y - amulet "Xiudaig" {rElec rF- rC+ Regen+ rCorr}
HPRegen 1.80/turn               H - +4 ring of evasion
MPRegen 0.19/turn               l - ring of protection from fire

@: corroded, under a protective aura
A: fangs 3, regeneration 1, magic shield, antimagic bite, no potion heal 2
a: Renounce Religion, Channel Magic, Forget Spell, Divine Exegesis


You were on level 14 of the Dungeon.
You worshipped Sif Muna.
Sif Muna was greatly pleased with you.
You visited 2 branches of the dungeon, and saw 15 of its levels.

You collected 991 gold pieces.

Inventory:

Hand Weapons
 v - a +1 broad axe of protection (weapon)
 D - a +0 broad axe of protection
Missiles
 j - 87 poisoned darts (quivered)
 n - 3 boomerangs of dispersal
 q - 5 boomerangs
 x - 3 throwing nets
Armour
 a - a +1 cloak of stealth (worn)
 c - a +0 buckler (worn)
 g - a +1 pair of gloves (worn)
 p - a +0 helmet (worn)
 A - a +0 plate armour (worn)
 C - a +0 pair of boots (worn)
Jewellery
 b - a ring of see invisible
 l - a ring of protection from fire (right hand)
 w - a +4 ring of protection
 y - the amulet "Xiudaig" (around neck) {rElec rF- rC+ Regen+ rCorr}
   (You acquired it on level 9 of the Dungeon)

   [amulet of regeneration]

   rF:        It makes you vulnerable to fire.
   rC:        It protects you from cold.
   rElec:     It insulates you from electricity.
   Regen:     It increases your rate of health regeneration.
   rCorr:     It protects you from acid and corrosion.
 H - a +4 ring of evasion (left hand)
Wands
 e - a wand of polymorph (8)
 f - a wand of flame (37)
 k - a wand of mindburst (8)
 t - a wand of iceblast (10)
 F - a wand of digging (2)
Scrolls
 i - a scroll of holy word
 o - 7 scrolls of teleportation
 r - 5 scrolls of blinking
 s - 2 scrolls of fog
 z - 2 scrolls of enchant armour
 E - a scroll of enchant weapon
 I - 2 scrolls of identify
Potions
 d - 4 potions of might
 h - 2 potions of curing
 m - 2 potions of magic
 u - a potion of cancellation
 G - a potion of flight


   Skills:
 + Level 6.1 Fighting
 * Level 13.1 Axes
 - Level 4.0 Throwing
 + Level 6.1 Armour
 - Level 4.0 Dodging
 * Level 8.3 Shields
 * Level 7.6 Spellcasting
 * Level 5.6 Invocations
 * Level 5.6 Evocations


You had 27 spell levels left.
You didn't know any spells.
Your spell library contained the following spells:

 Spells                   Type           Power      Damage    Failure   Level
 Apportation              Tloc           4%         N/A       99%         1
 Foxfire                  Conj/Fire      8%         2x1d4     99%         1
 Sting                    Tmut/Pois      8%         1d3       99%         1
 Summon Small Mammal      Summ           8%         N/A       99%         1
 Corpse Rot               Necr/Air       4%         N/A       100%        2
 Poisonous Vapours        Pois/Air       4%         N/A       100%        2
 Call Canine Familiar     Summ           2%         N/A       100%        3
 Conjure Flame            Conj/Fire      2%         6-21      100%        3
 Frozen Ramparts          Ice            4%         1d2       100%        3
 Gell's Gravitas          Tloc           2%         N/A       100%        3
 Inner Flame              Hex/Fire       2%         N/A       100%        3
 Lesser Beckoning         Tloc           2%         N/A       100%        3
 Summon Guardian Golem    Hex/Summ       2%         N/A       100%        3
 Teleport Other           Tloc           2%         N/A       100%        3
 Flame Wave               Conj/Fire      2%         2d4       100%        4
 Ice Form                 Ice/Tmut       2%         N/A       100%        4
 Leda's Liquefaction      Hex/Erth       1%         N/A       100%        4
 Olgreb's Toxic Radiance  Pois           2%         N/A       100%        4
 Summon Ice Beast         Ice/Summ       2%         N/A       100%        4
 Alistair's Intoxication  Tmut/Pois      1%         N/A       100%        5
 Lee's Rapid Deconstruct  Erth           1%         3d5*      100%        5
 Dispersal                Tloc           1%         N/A       100%        6
 Statue Form              Tmut/Erth      1%         N/A       100%        6
 Disjunction              Tloc           1%         N/A       100%        8


Dungeon Overview and Level Annotations

Branches:
Dungeon (14/15)            Temple (1/1) D:7            Lair (0/6) D:8
    Orc (0/2) D:9          Vaults (0/5) D:13

Altars:
Ashenzari
Dithmenos
Fedhas
Hepliaklqana
Kikubaaqudgha
Makhleb
Nemelex Xobeh
Qazlal
Sif Muna
Trog
Uskayaw
Vehumet
Wu Jian
Xom
The Shining One

Shops:
D:13 *

Annotations:
D:6 1 runed translucent door, ASSMAN's ghost, journeyman DEEE
D:14 4 runed translucent doors


Innate Abilities, Weirdness & Mutations

You have razor-sharp teeth.
Your natural rate of healing is unusually fast.
When hurt, damage is shared between your health and your magic reserves.
Your bite disrupts and absorbs the magic of your enemies.
Potions cannot restore your health.


Message History

Unknown command.
You closely miss the cyan ugly thing.
The cyan ugly thing is heavily wounded.
You hit the wolf spider simulacrum. The wolf spider simulacrum hits you.
The wolf spider simulacrum freezes you! You resist.
The wolf spider simulacrum bites you. The wolf spider simulacrum freezes you!
You resist. The cyan ugly thing closely misses you.
The green ugly thing basks in the mutagenic energy from its kin and changes!
You are too injured to fight recklessly!
Unknown command.
You are too injured to fight recklessly!
Unknown command.
You barely miss the wolf spider simulacrum.
The wolf spider simulacrum is heavily damaged.
You slash the cyan ugly thing!
You block the wolf spider simulacrum's attack.
The wolf spider simulacrum misses you. The cyan ugly thing barely misses you.
The wolf spider simulacrum hits you but does no damage.
The wolf spider simulacrum bites you but does no damage.
The cyan ugly thing is no longer covered in acid.
The white ugly thing basks in the mutagenic energy from its kin and changes!
The wolf spider simulacrum hits you! The wolf spider simulacrum freezes you!
You resist.
* * * LOW HITPOINT WARNING * * *
The wolf spider simulacrum barely misses you.
The green ugly thing is no longer covered in acid.
The cyan ugly thing barely misses you.
You hit the wolf spider simulacrum.
The wolf spider simulacrum is severely damaged.
You slash the cyan ugly thing!
The purple ugly thing is no longer covered in acid.
You block the wolf spider simulacrum's attack.
The wolf spider simulacrum bites you.
* * * LOW HITPOINT WARNING * * *
The wolf spider simulacrum freezes you! You resist.
* * * LOW HITPOINT WARNING * * *
You block the cyan ugly thing's attack.
The cyan ugly thing basks in the mutagenic energy from its kin and changes!
The wolf spider simulacrum hits you!
You die...

#..+..+..? +..# #.
#..##.##..(. ##..# #. #...#
.# ... #..## #. #...##
###.### ##...# #. ##...#
.#+#. #....## #. #...### ...
###.....###. ##
##....###.###.....#..##. ...
####...#+#......###..>. ..u.
###@......#### ###.. ...u.
####Z...#.## #..
.....°###uuu..#.#.# #..
.(....Ruuu##..#..<# #..
./.....######.#..##########..
....>..○......)..............
.....###..........##########.
....# #..........# ###. ...#
#..........# #...


You could see a green ugly thing and a wolf spider simulacrum.

Vanquished Creatures
  A ghost moth (D:14)
  The ghost of Urgle the Tortoise, a journeyman MiBe of Trog (D:12)
  An ettin (D:12)
  A boulder beetle (D:12)
  3 centaur warriors
  3 death yaks (D:8)
  A two-headed ogre (D:11)
  The ghost of dolemite99 the Frost Mage, a novice GnIE of Yredelemnul (D:8)
  7 skeletal warriors
  A death drake (shapeshifter) (D:13)
  A deep elf pyromancer (D:14)
  2 ugly things (D:12)
  A mana viper (shapeshifter) (D:13)
  5 cyclopes
  A moth of wrath (D:8)
  3 manticores
  An unseen horror (D:12)
  2 gargoyles
  A freezing wraith (D:14)
  6 trolls
  A queen bee (shapeshifter) (D:13)
  A hornet (D:8)
  5 slime creatures
  Grinder (D:3)
  3 shadows
  15 yaks
  A vampire (D:6)
  4 wraiths
  2 wyverns
  2 vampire mosquitoes (D:14)
  4 steam dragons
  2 acid dragons
  A water moccasin (D:6)
  A black bear (D:8)
  7 orc warriors
  5 sky beasts
  The ghost of Vadun the Covered, an amateur DDFi of Lugonu (D:3)
  An ice beast (D:6)
  7 ogres
  19 centaurs
  The ghost of enile the Ducker, an amateur DjWz (D:3)
  2 phantoms (D:9)
  7 bullfrogs
  2 scorpions
  A gnoll sergeant (D:12)
  A water moccasin zombie (D:5)
  A wyvern skeleton (D:6)
  11 killer bees
  A troll zombie (D:9)
  4 wights (D:9)
  2 howler monkeys (D:12)
  2 centaur zombies
  2 jellies
  2 orc priests
  5 gnoll shamans
  6 hounds
  2 bullfrog skeletons
  A centaur skeleton (D:7)
  3 hell rats (D:8)
  3 iguanas
  8 orc wizards
  7 ogre zombies (D:9)
  A hound skeleton (D:5)
  2 howler monkey zombies
  Robin (D:4)
  27 gnolls
  8 adders
  An adder skeleton (D:4)
  3 worms (D:2)
  2 dart slugs
  29 orcs
  7 endoplasms
  4 giant cockroaches
  8 goblins
  8 hobgoblins
  3 jackals (D:4)
  6 quokkas
  5 ball pythons
  5 bats
  A frilled lizard (D:2)
  2 goblin skeletons (D:9)
  4 goblin zombies (D:9)
  2 hobgoblin skeletons (D:9)
  2 hobgoblin zombies (D:9)
  9 kobolds
  2 orc skeletons (D:9)
  13 orc zombies (D:9)
  12 rats
367 creatures vanquished.

Vanquished Creatures (others)
  5 fungi (D:14)
  10 plants
  8 withered plants (D:14)
23 creatures vanquished.

Grand Total: 390 creatures vanquished

Notes
Turn   | Place    | Note
-------+----------+-------------------------------------------
     0 | D:1      | grumblor the Vine Stalker Fighter began the quest for the
                  | Orb.
     0 | D:1      | Reached XP level 1. HP: 11/11 MP: 2/2
    35 | D:1      | Found a faded altar of an unknown god.
   285 | D:1      | Reached XP level 2. HP: 16/16 MP: 3/3
  1046 | D:1      | Reached skill level 2 in Axes
  1162 | D:2      | Reached XP level 3. HP: 18/19 MP: 3/5
  1307 | D:2      | Reached skill level 1 in Spellcasting
  1408 | D:2      | Gained mutation: Your natural rate of healing is unusually
                  | fast. [Vine Stalker growth]
  1408 | D:2      | Reached XP level 4. HP: 21/23 MP: 4/6
  2074 | D:3      | Found a runed translucent gate.
  2078 | D:3      | Reached skill level 1 in Dodging
  2078 | D:3      | Found a runed translucent gate.
  2079 | D:3      | Found a runed translucent gate.
  2080 | D:3      | Noticed enile's ghost (amateur DjWz)
  2080 | D:3      | Noticed Vadun's ghost (amateur DDFi)
  2081 | D:3      | Noticed Grinder
  2093 | D:3      | Killed Grinder
  2094 | D:3      | Reached skill level 3 in Axes
  2094 | D:3      | Reached skill level 1 in Throwing
  2094 | D:3      | Reached XP level 5. HP: 23/28 MP: 7/9
  2094 | D:3      | Reached XP level 6. HP: 27/32 MP: 7/10
  2914 | D:3      | Killed Vadun's ghost
  2915 | D:3      | Reached XP level 7. HP: 20/36 MP: 8/11
  2919 | D:3      | Killed enile's ghost
  3256 | D:4      | Noticed Robin
  3264 | D:4      | Killed Robin
  3499 | D:4      | Reached skill level 4 in Axes
  3687 | D:5      | Entered Level 5 of the Dungeon
  3863 | D:5      | Gained mutation: You have razor-sharp teeth. [Vine Stalker
                  | growth]
  3863 | D:5      | Reached XP level 8. HP: 39/40 MP: 13/13
  4595 | D:6      | Found a runed translucent door.
  4607 | D:6      | Reached skill level 1 in Evocations
  4680 | D:6      | Found a shimmering altar of Xom.
  4680 | D:6      | Noticed ASSMAN's ghost (journeyman DEEE)
  4680 | D:6      | Noticed a +2 rapier of chaos
  4696 | D:6      | Noticed a yak
  4698 | D:6      | Noticed a yak
  4700 | D:6      | Noticed a yak
  4701 | D:6      | Noticed a yak
  4703 | D:6      | Killed a yak
  4704 | D:6      | Reached skill level 5 in Axes
  4709 | D:6      | Killed a yak
  4714 | D:6      | Killed a yak
  4715 | D:6      | Reached skill level 5 in Shields
  4715 | D:6      | Reached XP level 9. HP: 32/45 MP: 13/15
  4771 | D:6      | Reached skill level 6 in Axes
  5383 | D:7      | Found a staircase to the Ecumenical Temple.
  5403 | Temple   | Entered the Ecumenical Temple
  5531 | Temple   | Became a worshipper of Sif Muna the Loreminder
  5904 | D:8      | Noticed a hornet
  5911 | D:8      | Paralysed by a hornet for 1 turns
  5916 | D:8      | Killed a hornet
  5917 | D:8      | Reached skill level 7 in Axes
  5944 | D:8      | Reached XP level 10. HP: 48/50 MP: 15/17
  6415 | D:8      | Noticed a death yak
  6454 | D:8      | Killed a death yak
  6558 | D:8      | Found a staircase to the Lair.
  6558 | D:8      | Noticed a death yak
  6560 | D:8      | Noticed a death yak
  6576 | D:8      | Killed a death yak
  6577 | D:8      | Reached skill level 8 in Axes
  6577 | D:8      | Reached skill level 5 in Spellcasting
  6577 | D:8      | Reached skill level 1 in Invocations
  6603 | D:8      | Killed a death yak
  7021 | D:8      | Found an ornate altar of the Wu Jian Council.
  7094 | D:8      | Found a transporter.
  7117 | D:8      | Found a transporter.
  7125 | D:8      | Noticed dolemite99's ghost (novice GnIE)
  7127 | D:8      | Noticed a moth of wrath
  7133 | D:8      | Reached * piety under Sif Muna
  7426 | D:9      | Found a staircase to the Orcish Mines.
  7437 | D:9      | Reached XP level 11. HP: 52/54 MP: 16/20
  7480 | D:9      | Reached ** piety under Sif Muna
  7484 | D:9      | Reached skill level 9 in Axes
  7506 | D:9      | Identified a scroll of acquirement
  7506 | D:9      | Acquired the amulet "Xiudaig" {rElec rF- rC+ Regen+ rCorr}
  7873 | D:10     | Entered Level 10 of the Dungeon
  8550 | D:10     | Reached skill level 10 in Axes
  8779 | D:11     | Noticed a skeletal warrior
  8779 | D:11     | Noticed a skeletal warrior
  8782 | D:11     | Noticed a skeletal warrior
  8806 | D:10     | Killed a skeletal warrior
  8887 | D:10     | Killed a skeletal warrior
  8888 | D:10     | Reached skill level 5 in Fighting
  8910 | D:10     | Killed a skeletal warrior
  9113 | D:11     | Reached *** piety under Sif Muna
  9114 | D:11     | Reached skill level 5 in Armour
  9457 | D:11     | Found a blossoming altar of Fedhas.
  9522 | D:11     | Reached XP level 12. HP: 45/60 MP: 13/22
 10092 | D:11     | Noticed a two-headed ogre
 10101 | D:11     | Killed a two-headed ogre
 10417 | D:12     | Reached skill level 11 in Axes
 10637 | D:12     | Reached **** piety under Sif Muna
 10767 | D:12     | Noticed a boulder beetle
 10778 | D:12     | Killed a boulder beetle
 10868 | D:12     | Found a runed translucent door.
 11166 | D:12     | Noticed Urgle's ghost (journeyman MiBe)
 11340 | D:8      | Killed dolemite99's ghost
 11691 | D:12     | Killed Urgle's ghost
 11766 | D:13     | Reached skill level 12 in Axes
 11909 | D:13     | Noticed an ettin
 12080 | D:12     | Killed an ettin
 12244 | D:13     | Noticed a centaur warrior
 12257 | D:13     | Killed a centaur warrior
 12258 | D:13     | Reached skill level 5 in Evocations
 12258 | D:13     | Reached XP level 13. HP: 37/65 MP: 22/24
 12419 | D:13     | Reached skill level 5 in Invocations
 12784 | D:13     | Found Yrijogyr's Assorted Antiques.
 12952 | D:13     | Found a gate to the Vaults.
 13470 | D:14     | Found a runed translucent door.
 13490 | D:14     | Found a runed translucent door.
 13517 | D:14     | Found a runed translucent door.
 13755 | D:14     | Reached skill level 13 in Axes
 13849 | D:14     | Found a runed translucent door.
 13890 | D:14     | Noticed a ghost moth
 13913 | D:14     | Killed a ghost moth
 14098 | D:14     | HP: 2/65 [wolf spider simulacrum (12)]
 14099 | D:14     | Slain by a wolf spider simulacrum

Illustrated notes

Levels and vault maps discovered:
D:1:      amcnicky_arrival_wind_blow, layout_loops_corners,
          ebering_ecumenical_altar_petrified, chequers_arboretum,
          minmay_tetromino_t2
D:2:      layout_rooms
D:3:      layout_basic, gammafunk_ghost_cemetery, st_stairs_6,
          minmay_increasing_density, uniq_grinder
D:4:      layout_loops_ring, uniq_robin
D:5:      layout_loops_ring
D:6:      layout_basic, ebering_ghost_xom
D:7:      layout_loops_ring, minmay_temple_entry_gardened_gates
D:8:      layout_loops_ring, marbit_many_paths, dpeg_lair_monsters,
          gammafunk_ghost_berserking_beasts, hangedman_misty_isle
D:9:      layout_rooms, zombieorc2_lemuel, minmay_statues_item, feat_on_display
D:10:     layout_loops_corners
D:11:     layout_layer_cave, fedhas_ov_isle_minmay
D:12:     layout_long_grid, ebering_ghost_reflecting_pool
D:13:     layout_cave_pods, david_vaults_4, serial_shops,
          nicolae_shop_temple_entry_statues_fountains
D:14:     kennysheep_seaside_town, layout_rooms, kiku_gazebo_garden_becter,
          minmay_statue_crystal_thing
Temple:   mainiacjoe_temple_archimedes_tessellation

Skill      XL: |  1  2  3  4  5  6  7  8  9 10 11 12 13 |
---------------+----------------------------------------+-----
Shields        | 3 4 5 6 7 8 |  8.3
Axes           | 2 3 4 5 7 8 10 12 13 | 13.1
Spellcasting   | 1 2 3 4 5 6 7 |  7.6
Fighting       | 3 4 5 6 |  6.1
Dodging        | 1 2 3 4 |  4.0
Throwing       | 1 2 3 4 |  4.0
Armour         | 3 4 5 6 |  6.1
Evocations     | 1 2 3 4 5 |  5.6
Invocations    | 2 3 4 5 |  5.6

Action                   |  1- 3 |  4- 6 |  7- 9 | 10-12 | 13-15 || total
-------------------------+-------+-------+-------+-------+-------++-------
Melee: War axe           |    66 |    87 |   158 |       |       ||   311
       Bite              |    14 |    34 |   106 |   243 |   119 ||   516
       Broad axe         |       |       |   123 |   634 |   297 ||  1054
Throw: Dart              |       |       |       |    51 |     5 ||    56
       Boomerang         |       |       |       |     3 |       ||     3
Invok: Channel Magic     |       |       |       |       |     1 ||     1
Evoke: Wand              |       |       |       |       |     8 ||     8
  Use: Scroll            |     4 |     3 |     5 |     9 |     1 ||    22
       Potion            |       |       |     2 |     4 |     1 ||     7
Armor: Scale mail        |    32 |     8 |       |       |       ||    40
       Chain mail        |       |    23 |   131 |   181 |       ||   335
       Plate armour      |       |       |       |   269 |   274 ||   543
Dodge: Dodged            |    21 |    33 |   123 |   264 |   113 ||   554
Block: Buckler           |    32 |    49 |   139 |   248 |   106 ||   574
       Reflection        |       |     1 |     2 |     4 |       ||     7

Table legend: (Time is in decaauts)
 A = Elapsed time spent in this place.
 B = Non-inter-level travel time spent in this place.
 C = Inter-level travel time spent in this place.
 D = Time resting spent in this place.
 E = Time spent auto-exploring this place.
 F = Levels seen in this place.
 G = Mean time per level.
                   A        B        C        D        E       F      G
               +--------+--------+--------+--------+--------+-----+--------+
         Total |  14317 |  13382 |    935 |    514 |   9558 |  15 |  954.5 |
       Dungeon |  14112 |  13253 |    859 |    514 |   9447 |  14 | 1008.0 |
        Temple |    204 |    128 |     76 |      0 |    111 |   1 |  204.0 |
               +--------+--------+--------+--------+--------+-----+--------+

Top non-repeatable levels by time:
     D:8: 1659 daAuts
    D:11: 1514 daAuts
    D:13: 1377 daAuts
    D:12: 1339 daAuts
     D:3: 1216 daAuts
     D:1: 1171 daAuts
    D:10: 1124 daAuts
     D:6: 759 daAuts
     D:4: 714 daAuts
    D:14: 702 daAuts
     D:7: 698 daAuts
     D:5: 668 daAuts
     D:2: 663 daAuts
     D:9: 503 daAuts
  Temple: 204 daAuts
